3L
PORTLAND EVERGREENS @ NEW AMSTERDAM DUTCHMEN
07/27/2029
 
TOP OF THE 1ST
Portland Evergreens batting - Pitching for New Amsterdam Dutchmen : RHP Lorenzo Fabián
Pitching: RHP Lorenzo Fabián
Batting: LHB John Ennis 0-0: SINGLE (Groundball, 25) (infield hit)
Batting: LHB Adrián Gómez 0-0: Ball
1-0: Ball
2-0: Called Strike
2-1: Ball
3-1: Swinging Strike
3-2: Base on Balls
John Ennis to second
Batting: LHB Chris Payling 0-0: Called Strike
0-1: SINGLE (Groundball, 4D)
John Ennis to third
Adrián Gómez to second
Runner from 3rd tries for Home, SAFE, no throw
Batting: SHB Chris Williamson 0-0: Ball
1-0: Grounds into double play, 4-6-3 (Groundball, 4)
Adrián Gómez to third
Batting: RHB Ty Struck 0-0: Called Strike
0-1: Foul Ball, location: 2F
0-2: Foul Ball, location: 2F
0-2: Strikes out swinging
Top of the 1st over - 1 run, 2 hits, 0 errors, 1 left on base; Portland 1 - New Amsterdam 0
BOTTOM OF THE 1ST
New Amsterdam Dutchmen batting - Pitching for Portland Evergreens : RHP Kent Clement
Pitching: RHP Kent Clement
Batting: RHB Jon Osterman 0-0: Fly out, F6 (Line Drive, 6M)
Batting: RHB Enrique Morales 0-0: Ball
1-0: Foul Ball, location: 2F
1-1: Called Strike
1-2: Fly out, F9 (Line Drive, 9D)
Batting: LHB SaQwan Hackett 0-0: Ball
1-0: Ball
2-0: Swinging Strike
2-1: DOUBLE (Line Drive, 9LM)
Batting: RHB Hank Wilder 0-0: Ball
1-0: Called Strike
1-1: Foul Ball, location: 2F
1-2: Ground out 6-3 (Groundball, 6)
Bottom of the 1st over - 0 runs, 1 hit, 0 errors, 1 left on base; Portland 1 - New Amsterdam 0
TOP OF THE 2ND
Portland Evergreens batting - Pitching for New Amsterdam Dutchmen : RHP Lorenzo Fabián
Batting: LHB Clay Rush 0-0: Foul Ball, location: 2F
0-1: Ball
1-1: Ball
2-1: Foul Ball, location: 2F
2-2: Foul Ball, location: 2F
2-2: Foul Ball, location: 2F
2-2: Foul Ball, location: 2F
2-2: Foul Ball, location: 2F
2-2: Ball
3-2: Foul Ball, location: 2F
3-2: Base on Balls
Batting: RHB Micah Coffey 0-0: Ball
1-0: Ball
2-0: Foul Ball, location: 2F
2-1: Ball
3-1: Base on Balls
Clay Rush to second
Batting: RHB Bubba Blevins 0-0: Foul Ball, location: 2F
0-1: Ball
1-1: Grounds into double play, 5-4-3 (Groundball, 56)
Clay Rush to third
Batting: RHB Silvio Bonauiti 0-0: Ball
1-0: DOUBLE (Groundball, 5L)
Clay Rush scores
Batting: LHB John Ennis 0-0: Called Strike
0-1: Ball
1-1: Ball
2-1: SINGLE (Line Drive, 34D)
Silvio Bonauiti to third
Runner from 3rd tries for Home, SAFE, no throw
Batting: LHB Adrián Gómez 0-0: Foul Ball, location: 2F
0-1: Ball
1-1: Ball
2-1: Foul Ball, location: 2F
2-2: Ball
John Ennis steals 2nd base
3-2: Foul Ball, location: 2F
3-2: Base on Balls
Batting: LHB Chris Payling 0-0: Fly out, F3 (Line Drive, 34)
Top of the 2nd over - 2 runs, 2 hits, 0 errors, 2 left on base; Portland 3 - New Amsterdam 0
BOTTOM OF THE 2ND
New Amsterdam Dutchmen batting - Pitching for Portland Evergreens : RHP Kent Clement
Batting: LHB Cornelius Taitt 0-0: Foul Ball, location: 2F
0-1: Swinging Strike
0-2: Ball
1-2: Strikes out swinging
Batting: LHB Eric Ward 0-0: Ball
1-0: Foul Ball, location: 2F
1-1: Ball
2-1: Foul Ball, location: 2F
2-2: Foul Ball, location: 2F
2-2: Foul Ball, location: 2F
2-2: Foul Ball, location: 2F
2-2: Ball
3-2: Fly out, F9 (Flyball, 9LM)
Batting: RHB Pablo Ledesma 0-0: Ball
1-0: Called Strike
1-1: Swinging Strike
1-2: Ball
2-2: Foul Ball, location: 2F
2-2: Strikes out swinging
Bottom of the 2nd over - 0 runs, 0 hits, 0 errors, 0 left on base; Portland 3 - New Amsterdam 0
TOP OF THE 3RD
Portland Evergreens batting - Pitching for New Amsterdam Dutchmen : RHP Lorenzo Fabián
Batting: SHB Chris Williamson 0-0: Ball
1-0: Called Strike
1-1: Ball
2-1: Called Strike
2-2: Strikes out swinging
Batting: RHB Ty Struck 0-0: Swinging Strike
0-1: Ball
1-1: Called Strike
1-2: Foul Ball, location: 2F
1-2: Foul Ball, location: 2F
1-2: Strikes out swinging
Batting: LHB Clay Rush 0-0: Ground out 5-3 (Groundball, 5)
Top of the 3rd over - 0 runs, 0 hits, 0 errors, 0 left on base; Portland 3 - New Amsterdam 0
BOTTOM OF THE 3RD
New Amsterdam Dutchmen batting - Pitching for Portland Evergreens : RHP Kent Clement
Batting: RHB John Burton 0-0: Ball
1-0: Swinging Strike
1-1: Swinging Strike
1-2: Foul Ball, location: 2F
1-2: Strikes out swinging
Batting: LHB Denis Jerningham 0-0: Swinging Strike
0-1: Swinging Strike
0-2: Ball
1-2: Foul Ball, location: 2F
1-2: Foul Ball, location: 2F
1-2: Foul Ball, location: 2F
1-2: Strikes out swinging
Batting: RHB Jon Osterman 0-0: Fly out, F9 (Flyball, 8RM)
Bottom of the 3rd over - 0 runs, 0 hits, 0 errors, 0 left on base; Portland 3 - New Amsterdam 0
TOP OF THE 4TH
Portland Evergreens batting - Pitching for New Amsterdam Dutchmen : RHP Lorenzo Fabián
Batting: RHB Micah Coffey 0-0: Ball
1-0: Called Strike
1-1: Foul Ball, location: 2F
1-2: Foul Ball, location: 2F
1-2: Fly out, F9 (Line Drive, 89S)
Batting: RHB Bubba Blevins 0-0: Called Strike
0-1: Ball
1-1: Swinging Strike
1-2: Fly out, F7 (Flyball, 7S)
Batting: RHB Silvio Bonauiti 0-0: Ball
1-0: Ground out 4-3 (Groundball, 34)
Top of the 4th over - 0 runs, 0 hits, 0 errors, 0 left on base; Portland 3 - New Amsterdam 0
BOTTOM OF THE 4TH
New Amsterdam Dutchmen batting - Pitching for Portland Evergreens : RHP Kent Clement
Batting: RHB Enrique Morales 0-0: Ground out 1-3 (Groundball, P)
Batting: LHB SaQwan Hackett 0-0: Called Strike
0-1: Ball
1-1: Fly out, F8 (Line Drive, 8RM)
Batting: RHB Hank Wilder 0-0: Foul Ball, location: 2F
0-1: Swinging Strike
0-2: Ball
1-2: Foul Ball, location: 2F
1-2: Foul Ball, location: 2F
1-2: DOUBLE (Groundball, 5L)
Batting: LHB Cornelius Taitt 0-0: Ball
1-0: Swinging Strike
1-1: Called Strike
1-2: Ball
2-2: Ball
3-2: Foul Ball, location: 2F
3-2: Foul Ball, location: 2F
3-2: Foul Ball, location: 2F
3-2: Foul Ball, location: 2F
3-2: Strikes out swinging
Bottom of the 4th over - 0 runs, 1 hit, 0 errors, 1 left on base; Portland 3 - New Amsterdam 0
TOP OF THE 5TH
Portland Evergreens batting - Pitching for New Amsterdam Dutchmen : RHP Lorenzo Fabián
Batting: LHB John Ennis 0-0: Ball
1-0: Ball
2-0: Ball
3-0: Base on Balls
Batting: LHB Adrián Gómez 0-0: Called Strike
0-1: Fly out, F8 (Flyball, 8LXD)
Runner from 1st tags up, SAFE at 2nd
Batting: LHB Chris Payling 0-0: Ball
Wild Pitch!
John Ennis to third
1-0: Ball
2-0: TRIPLE (Flyball, 9D)
John Ennis scores
Batting: SHB Chris Williamson 0-0: Called Strike
0-1: Ball
1-1: Swinging Strike
1-2: SINGLE (Groundball, 34D)
Chris Payling scores
Batting: RHB Ty Struck 0-0: Called Strike
0-1: Called Strike
0-2: Strikes out swinging
Batting: LHB Clay Rush 0-0: Called Strike
Chris Williamson steals 2nd base
0-1: Fly out, F3 (Popup, 3S)
Top of the 5th over - 2 runs, 2 hits, 0 errors, 1 left on base; Portland 5 - New Amsterdam 0
BOTTOM OF THE 5TH
New Amsterdam Dutchmen batting - Pitching for Portland Evergreens : RHP Kent Clement
Batting: LHB Eric Ward 0-0: Ball
1-0: Called Strike
1-1: Fly out, F6 (Popup, 6D)
Batting: RHB Pablo Ledesma 0-0: Called Strike
0-1: Ball
1-1: Called Strike
1-2: Strikes out looking
Batting: RHB John Burton 0-0: Fly out, F7 (Flyball, 7D)
Bottom of the 5th over - 0 runs, 0 hits, 0 errors, 0 left on base; Portland 5 - New Amsterdam 0
TOP OF THE 6TH
Portland Evergreens batting - Pitching for New Amsterdam Dutchmen : RHP Lorenzo Fabián
Pitching: RHP Pedro Castro
Batting: RHB Micah Coffey 0-0: Called Strike
0-1: Ground out 4-3 (Groundball, 4)
Batting: RHB Bubba Blevins 0-0: Fly out, F6 (Popup, 6)
Batting: RHB Silvio Bonauiti 0-0: Fly out, F9 (Flyball, 89S)
Top of the 6th over - 0 runs, 0 hits, 0 errors, 0 left on base; Portland 5 - New Amsterdam 0
BOTTOM OF THE 6TH
New Amsterdam Dutchmen batting - Pitching for Portland Evergreens : RHP Kent Clement
Batting: LHB Denis Jerningham 0-0: Ground out U3 (Groundball, 3)
Batting: RHB Jon Osterman 0-0: Ball
1-0: Ball
2-0: Foul Ball, location: 2F
2-1: Ball
3-1: Base on Balls
Batting: RHB Enrique Morales 0-0: SINGLE (Groundball, 56D)
Jon Osterman to second
Batting: LHB SaQwan Hackett 0-0: Fly out, F4 (Popup, 4MD)
Batting: RHB Hank Wilder 0-0: Ball
1-0: Fly out, F5 (Popup, 56)
Bottom of the 6th over - 0 runs, 1 hit, 0 errors, 2 left on base; Portland 5 - New Amsterdam 0
TOP OF THE 7TH
Portland Evergreens batting - Pitching for New Amsterdam Dutchmen : RHP Pedro Castro
Batting: LHB John Ennis 0-0: Ball
1-0: Foul Ball, location: 2F
1-1: Foul Ball, location: 2F
1-2: Foul Ball, location: 2F
1-2: Ball
2-2: Ball
3-2: DOUBLE (Line Drive, 78XD)
Batting: LHB Adrián Gómez 0-0: Called Strike
0-1: Ball
1-1: Ball
2-1: Ball
3-1: Called Strike
3-2: Ground out 3-1 (Groundball, 34)
John Ennis to third
Batting: LHB Chris Payling 0-0: Fly out, F6 (Line Drive, 6)
Batting: SHB Chris Williamson 0-0: Called Strike
0-1: Fly out, F6 (Popup, 6)
Top of the 7th over - 0 runs, 1 hit, 0 errors, 1 left on base; Portland 5 - New Amsterdam 0
BOTTOM OF THE 7TH
New Amsterdam Dutchmen batting - Pitching for Portland Evergreens : RHP Kent Clement
Now at C: Carlos Cardona
Batting: LHB Cornelius Taitt 0-0: Called Strike
0-1: Swinging Strike
0-2: Foul Ball, location: 2F
0-2: Strikes out swinging
Batting: LHB Eric Ward 0-0: Ball
1-0: Foul Ball, location: 2F
1-1: Swinging Strike
1-2: Ball
2-2: Strikes out swinging
Batting: RHB Pablo Ledesma 0-0: Ball
1-0: Foul Ball, location: 2F
1-1: Fly out, F7 (Flyball, 7)
Bottom of the 7th over - 0 runs, 0 hits, 0 errors, 0 left on base; Portland 5 - New Amsterdam 0
TOP OF THE 8TH
Portland Evergreens batting - Pitching for New Amsterdam Dutchmen : RHP Pedro Castro
Batting: RHB Ty Struck 0-0: Called Strike
0-1: Ground out 5-3 (Groundball, 5)
Batting: LHB Clay Rush 0-0: Swinging Strike
0-1: Foul Ball, location: 2F
0-2: Strikes out swinging
Batting: RHB Micah Coffey 0-0: Ground out U3 (Groundball, 3)
Top of the 8th over - 0 runs, 0 hits, 0 errors, 0 left on base; Portland 5 - New Amsterdam 0
BOTTOM OF THE 8TH
New Amsterdam Dutchmen batting - Pitching for Portland Evergreens : RHP Kent Clement
Batting: RHB John Burton 0-0: Ball
1-0: Ground out 4-3 (Groundball, 4)
Batting: LHB Denis Jerningham 0-0: Ball
1-0: Ball
2-0: Called Strike
2-1: Swinging Strike
2-2: Ball
3-2: Base on Balls
Pitching: LHP Jesús Medina
Batting: RHB Jon Osterman 0-0: Ball
1-0: Ball
2-0: Called Strike
2-1: Fly out, F6 (Line Drive, 6)
Batting: RHB Enrique Morales 0-0: Swinging Strike
0-1: Ball
1-1: Ball
2-1: SINGLE (Groundball, 56D)
Denis Jerningham to second
Batting: LHB SaQwan Hackett 0-0: Called Strike
0-1: Foul Ball, location: 2F
0-2: Ball
1-2: Strikes out looking
Bottom of the 8th over - 0 runs, 1 hit, 0 errors, 2 left on base; Portland 5 - New Amsterdam 0
TOP OF THE 9TH
Portland Evergreens batting - Pitching for New Amsterdam Dutchmen : RHP Pedro Castro
Batting: RHB Bubba Blevins 0-0: Ground out 4-3 (Groundball, 4)
Batting: RHB Silvio Bonauiti 0-0: Called Strike
0-1: Ball
1-1: Called Strike
1-2: Strikes out swinging
Batting: LHB John Ennis 0-0: Ball
1-0: Ball
2-0: Called Strike
2-1: Ball
3-1: Called Strike
3-2: Foul Ball, location: 2F
3-2: Base on Balls
Batting: RHB Carlos Cardona 0-0: Foul Ball, location: 2F
0-1: Called Strike
0-2: Strikes out looking
Top of the 9th over - 0 runs, 0 hits, 0 errors, 1 left on base; Portland 5 - New Amsterdam 0
BOTTOM OF THE 9TH
New Amsterdam Dutchmen batting - Pitching for Portland Evergreens : LHP Jesús Medina
Batting: RHB Hank Wilder 0-0: Foul Ball, location: 2F
0-1: Swinging Strike
0-2: Ball
1-2: Ball
2-2: Foul Ball, location: 2F
2-2: Foul Ball, location: 2F
2-2: Ball
3-2: DOUBLE (Line Drive, 78S)
Batting: LHB Cornelius Taitt 0-0: Called Strike
0-1: Called Strike
0-2: Ball
1-2: Foul Ball, location: 2F
1-2: Ball
2-2: Foul Ball, location: 2F
2-2: Strikes out swinging
Batting: LHB Eric Ward 0-0: Ball
1-0: Ground out U3 (Groundball, 34)
Hank Wilder to third
Batting: RHB Pablo Ledesma 0-0: Swinging Strike
0-1: Ball
1-1: Swinging Strike
1-2: Strikes out swinging
Bottom of the 9th over - 0 runs, 1 hit, 0 errors, 1 left on base; Portland 5 - New Amsterdam 0
Tuesday, December 19th, 2017 - OOTP Baseball 18.8 Build 76